 Dungeon Sprint DCSS version 0.31-a0-632-g766dd24fdf (webtiles) character file.

Game seed: 6437884527742586916

7 sircluck the Trooper (level 2, 0/29 HPs)
             Began as a Gnoll Wanderer on Aug 25, 2023.
             Was an Initiate of Ashenzari.
             Succumbed to an adder's poison
             ... in the Dungeon (Sprint VII: "The Pits").
             The game lasted 00:01:15 (120 turns).

sircluck the Trooper (Gnoll Wanderer)                Turns: 120, Time: 00:01:16

Health: 0/29       AC:  4    Str: 11    XL:     2   Next: 4%
Magic:  6/6        EV: 13    Int:  9    God:    Ashenzari [......]
Gold:   0          SH:  0    Dex: 13    Spells: 6/7 levels left

rFire   . . .        o - +2 mace
rCold   . . .        (no shield)
rNeg    . . .        d - +0 leather armour
rPois   .            (no helmet)
rElec   .            (no cloak)
rCorr   .            (no gloves)
SInv    .            b - +0 pair of boots
Will    .....        (no amulet)
Stlth   +            (no ring)
HPRegen 0.24/turn    (no ring)
MPRegen 0.10/turn

%: no teleportation
@: lethally poisoned (0 -> -6)
A: fangs 1, strong nose, distributed training
a: Renounce Religion


You were in the Dungeon.
You worshipped Ashenzari.
Ashenzari was noncommittal.
You visited 1 branch

Inventory:

Hand Weapons
 a - a +0 mace
 o - a +2 mace (weapon)
Missiles
 n - 10 stones
Armour
 b - a +0 pair of boots (worn)
 d - a +0 leather armour (worn)
Scrolls
 i - a scroll of blinking
 k - 2 scrolls of vulnerability
 l - 5 scrolls of amnesia
 m - a scroll of summoning
Potions
 c - 2 potions of heal wounds
 e - a potion of curing
 f - a potion of haste
 g - 4 potions of magic
 h - 3 potions of berserk rage
 j - 2 potions of invisibility


   Skills:
 + Level 6.6 Fighting
 + Level 1.1 Short Blades
 + Level 1.1 Long Blades
 + Level 1.1 Axes
 + Level 2.7 Maces & Flails
 + Level 1.1 Polearms
 + Level 1.1 Staves
 + Level 1.1 Ranged Weapons
 + Level 1.1 Throwing
 + Level 1.1 Armour
 + Level 4.6 Dodging
 + Level 1.1 Stealth
 + Level 1.1 Shields
 + Level 1.1 Unarmed Combat
 + Level 3.0 Spellcasting
 + Level 0.8 Conjurations
 + Level 0.8 Hexes
 + Level 3.8 Summonings
 + Level 0.8 Necromancy
 + Level 0.8 Translocations
 + Level 0.8 Transmutations
 + Level 0.8 Fire Magic
 + Level 0.8 Ice Magic
 + Level 0.8 Air Magic
 + Level 0.8 Earth Magic
 + Level 0.8 Poison Magic
 + Level 1.2 Invocations
 + Level 2.7 Evocations
 + Level 1.0 Shapeshifting


You had 6 spell levels left.
You knew the following spells:

 Your Spells              Type           Power      Damage    Failure   Level
a - Summon Small Mammal   Summ           32%        N/A       9%          1

Your spell library contained the following spells:

 Spells                   Type           Power      Damage    Failure   Level
 Call Canine Familiar     Summ           8%         N/A       24%         3
 Summon Lightning Spire   Summ/Air       5%         N/A       83%         4


Dungeon Overview and Level Annotations

Branches:
Dungeon (1/1)

Altars:
Ashenzari
Cheibriados
Dithmenos
Elyvilon
Fedhas
Gozag
Hepliaklqana
Kikubaaqudgha
Makhleb
Nemelex Xobeh
Okawaru
Qazlal
Ru
Sif Muna
Trog
Uskayaw
Vehumet
Wu Jian
Xom
Yredelemnul
Zin
The Shining One
Jiyva
Lugonu


Innate Abilities, Weirdness & Mutations

You have very sharp teeth.
Your uncanny sense of smell can sniff out nearby items.
Your experience applies equally to all skills.


Message History

The adder bites you.
You barely miss the frilled lizard. You bite the frilled lizard.
You kill the frilled lizard!
The adder bites you but does no damage. The adder bites you.
Your Spellcasting skill increases to level 3!
The adder bites you.
You are poisoned.
The adder poisons you!
You see here a frilled lizard corpse.
You miss the adder.
You feel sick. The adder closely misses you. The adder barely misses you.
You hit the adder.
The adder is lightly wounded.
You feel sick. The adder closely misses you.
You closely miss the adder.
The adder is lightly wounded.
You feel sick. The adder bites you.
You are more poisoned.
The adder poisons you! The adder closely misses you.
You closely miss the adder.
The adder is lightly wounded.
You feel sick.
The adder bites you but does no damage. x2
You closely miss the adder.
The adder is lightly wounded.
You feel sick. The adder barely misses you.
The adder bites you but does no damage.
You closely miss the adder.
The adder is lightly wounded.
You feel sick. The adder bites you.
* * * LOW HITPOINT WARNING * * *
You are lethally poisoned!
The adder poisons you!
You sock the adder!
The adder is almost dead.
* * * LOW HITPOINT WARNING * * *
You feel very sick. The adder completely misses you.
The adder closely misses you.
You hit the adder.
You kill the adder!
You die...

#_______...###########
##########'##.........
#....')))'.##......#..
##########.##.........
#..........)'.........
#+#####)#####......#..
#...#.#∆∆ #.........
#...#.#∆∆ ####'#####
#..@'.#∆∆ #.......#
##+####∆∆ #.......# ∆∆
#.......# #...<...#
#.......# #.......#
#.......# #########


There were no monsters in sight!

Vanquished Creatures
  An adder (D)
  An adder zombie (D)
  A goblin (D)
  A kobold (D)
  A frilled lizard (D)
5 creatures vanquished.

Notes
Turn   | Place    | Note
-------+----------+-------------------------------------------
     0 | D        | sircluck the Gnoll Wanderer began the quest for the Orb.
     0 | D        | sircluck set off with the following items: a +0 mace, a +0
                  | pair of boots, 2 potions of heal wounds, a +0 leather
                  | armour, a potion of curing, a potion of haste, 2 potions of
                  | magic, a potion of berserk rage, a scroll of blinking; and
                  | the following spell memorised: Summon Small Mammal; and the
                  | following spells available to memorise: Call Canine
                  | Familiar, Summon Lightning Spire.
     0 | D        | Reached XP level 1. HP: 23/23 MP: 4/4
    49 | D        | Found a bloodstained altar of Trog.
    49 | D        | Found a shimmering blue altar of Sif Muna.
    49 | D        | Found a viscous altar of Jiyva.
    49 | D        | Found a hazy altar of Hepliaklqana.
    49 | D        | Found an opulent altar of Gozag.
    50 | D        | Found a glowing golden altar of the Shining One.
    50 | D        | Found a glowing silver altar of Zin.
    50 | D        | Found a basalt altar of Yredelemnul.
    50 | D        | Found a shimmering altar of Xom.
    50 | D        | Found an ornate altar of the Wu Jian Council.
    50 | D        | Found a sacrificial altar of Ru.
    50 | D        | Found a stormy altar of Qazlal.
    50 | D        | Found an iron altar of Okawaru.
    50 | D        | Found a sparkling altar of Nemelex Xobeh.
    50 | D        | Found a burning altar of Makhleb.
    50 | D        | Found a blossoming altar of Fedhas.
    50 | D        | Found a white marble altar of Elyvilon.
    50 | D        | Found a shadowy altar of Dithmenos.
    50 | D        | Found a snail-covered altar of Cheibriados.
    52 | D        | Found a radiant altar of Vehumet.
    52 | D        | Found a corrupted altar of Lugonu.
    53 | D        | Found a hide-covered altar of Uskayaw.
    53 | D        | Found an ancient bone altar of Kikubaaqudgha.
    53 | D        | Found a broken altar of Ashenzari.
    79 | D        | Became a worshipper of Ashenzari the Shackled
   100 | D        | Reached skill level 1 in Short Blades
   100 | D        | Reached skill level 1 in Long Blades
   100 | D        | Reached skill level 1 in Axes
   100 | D        | Reached skill level 1 in Polearms
   100 | D        | Reached skill level 1 in Staves
   100 | D        | Reached skill level 1 in Ranged Weapons
   100 | D        | Reached skill level 1 in Throwing
   100 | D        | Reached skill level 1 in Armour
   100 | D        | Reached skill level 1 in Stealth
   100 | D        | Reached skill level 1 in Shields
   100 | D        | Reached skill level 1 in Unarmed Combat
   100 | D        | Reached skill level 1 in Invocations
   100 | D        | Reached skill level 1 in Shapeshifting
   100 | D        | Reached XP level 2. HP: 29/29 MP: 5/5
   120 | D        | Succumbed to an adder's poison

Illustrated notes

Levels and vault maps discovered:
D:        pitsprint [storerooms_1, entrance_room_1, metal_vault_3, armoury_1,
          mini_pit_1, grid_room_1, main_hall_1, silver_pit, the_coven_2,
          the_vestibule_1, steel_vault_1, golden_pit, hallway_of_sentries,
          crystal_vault_4, iron_vault_2, final_vault]

Skill      XL: |  1  2 |
---------------+-------+-----
Short Blades   | 1 |  1.1
Long Blades    | 1 |  1.1
Axes           | 1 |  1.1
Polearms       | 1 |  1.1
Staves         | 1 |  1.1
Ranged Weapons | 1 |  1.1
Throwing       | 1 |  1.1
Armour         | 1 |  1.1
Stealth        | 1 |  1.1
Shields        | 1 |  1.1
Unarmed Combat | 1 |  1.1
Invocations    | 1 |  1.2
Shapeshifting  | 1 |  1.0
Spellcasting   | 3 |  3.0
Fighting       | |  6.6
Maces & Flails | |  2.7
Dodging        | |  4.6
Conjurations   | |  0.8
Hexes          | |  0.8
Summonings     | |  3.8
Necromancy     | |  0.8
Translocations | |  0.8
Transmutations | |  0.8
Fire Magic     | |  0.8
Ice Magic      | |  0.8
Air Magic      | |  0.8
Earth Magic    | |  0.8
Poison Magic   | |  0.8
Evocations     | |  2.7

Action                     || total
---------------------------++-------
  Melee: Mace              ||    22
         Bite              ||     2
 Armour: Leather armour    ||    11
  Dodge: Dodged            ||    14

Table legend: (Time is in decaauts)
 A = Elapsed time spent in this place.
 B = Non-inter-level travel time spent in this place.
 C = Inter-level travel time spent in this place.
 D = Time resting spent in this place.
 E = Time spent auto-exploring this place.
 F = Levels seen in this place.
 G = Mean time per level.
                   A        B        C        D        E       F      G
               +--------+--------+--------+--------+--------+-----+--------+
         Total |    125 |    111 |     14 |      0 |      3 |   1 |  125.0 |
       Dungeon |    125 |    111 |     14 |      0 |      3 |   1 |  125.0 |
               +--------+--------+--------+--------+--------+-----+--------+

Top non-repeatable levels by time:
       D: 125 daAuts
